Map: Chantier naval orbital

Players

IIIIIIIIQQII - Winner!

  • Race: Protoss Protoss
  • League: Platinum

Zerayl

  • Race: Zerg Zerg
  • League: Gold

VOD

Have the link to the VOD?

Description

Time

  • Played on: March 6, 2016, 1:49 a.m.
  • Length: 22:21
Show
View Real Time Build Order
Export as new Build Order

IIIIIIIIQQII Protoss - Winner!

Build Orders: Nexus First 

Get SALT Encoding   

  12  0:01  Probe (Chrono Boost)  
  13  0:11  Probe (Chrono Boost)  
  14  0:24  Probe (Chrono Boost), Pylon  
  15  0:42  Probe (Chrono Boost)  
  16  0:58  Nexus  
  16  1:12  Gateway  
  16  1:17  Probe (Chrono Boost)  
  17  1:21  Assimilator  
  17  1:27  Probe (Chrono Boost)  
  18  1:38  Probe (Chrono Boost)  
  19  1:48  Probe (Chrono Boost)  
  19  1:50  Forge  
  20  1:57  Pylon  
  20  1:59  Probe (Chrono Boost)  
  21  2:10  Probe (Chrono Boost), Assimilator  
  21  2:14  Probe (Chrono Boost)  
  23  2:20  Probe (Chrono Boost)  
  24  2:24  Probe (Chrono Boost)  
  24  2:25  Cybernetics Core  
  25  2:31  Probe (Chrono Boost)  
  25  2:35  Probe (Chrono Boost)  
  27  2:39  Photon Cannon  
  27  2:41  Probe (Chrono Boost)  
  28  2:45  Probe (Chrono Boost)  
  29  2:52  Probe (Chrono Boost)  
  29  2:56  Probe (Chrono Boost)  
  31  3:00  Photon Cannon  
  31  3:05  Stargate  
  31  3:08  Probe (Chrono Boost)  
  31  3:09  Probe (Chrono Boost)  
  33  3:14  Assimilator  
  33  3:19  Probe x2 (Chrono Boost)  
  35  3:30  Mothership Core (Chrono Boost)  
  35  3:33  Probe (Chrono Boost)  
  38  3:43  Probe (Chrono Boost)  
  38  3:44  Assimilator  
  40  3:48  Probe (Chrono Boost)  
  40  3:54  Probe (Chrono Boost)  
  40  3:55  Nexus  
  41  4:02  Probe (Chrono Boost)  
  42  4:12  Gateway  
  42  4:13  Gateway  
  42  4:15  Probe x2 (Chrono Boost)  
  44  4:25  Probe (Chrono Boost)  
  44  4:26  Fleet Beacon  
  45  4:36  Probe (Chrono Boost)  
  46  4:48  Pylon x2  
  46  4:53  Pylon  
  46  5:06  Probe x2 (Chrono Boost)  
  48  5:08  Probe (Chrono Boost)  
  48  5:12  Tempest (Chrono Boost)  
  53  5:15  Probe  
  53  5:17  Probe  
  53  5:19  Stargate  
  53  5:20  Stargate  
  55  5:23  Probe, Protoss Air Weapons Level 1  
  55  5:25  Probe  
  57  5:29  Probe  
  57  5:33  Probe, Assimilator  
  59  5:36  Probe  
  59  5:37  Assimilator  
  59  5:41  Probe, Pylon  
  61  5:43  Pylon  
  61  5:44  Probe  
  61  5:45  Pylon  
  62  5:52  Probe  
  62  5:54  Probe  
  62  5:55  Probe  
  65  6:06  Tempest (Chrono Boost)  
  65  6:08  Probe  
  65  6:09  Probe  
  75  6:12  Probe, Tempest (Chrono Boost)  
  79  6:21  Oracle (Chrono Boost)  
  79  6:22  Probe  
  79  6:23  Photon Cannon  
  79  6:25  Pylon  
  80  6:34  Probe x2  
  80  6:36  Probe  
  83  6:45  Probe  
  84  6:52  Tempest (Chrono Boost)  
  84  6:53  Nexus  
  96  6:55  Pylon  
  96  6:58  Tempest x2 (Chrono Boost)  
  96  7:11  Assimilator  
  96  7:17  Assimilator  
  96  7:18  Probe x2  
  96  7:20  Probe  
  99  7:24  Pylon  
  99  7:26  Pylon  
  99  7:28  Pylon  
  99  7:29  Tempest (Chrono Boost)  
  111  7:37  Tempest (Chrono Boost)  
  111  7:38  Tempest (Chrono Boost)  
  111  7:50  Photon Cannon  
  111  7:52  Photon Cannon  
  111  7:54  Photon Cannon  
  111  8:07  Tempest (Chrono Boost)  
  115  8:15  Tempest (Chrono Boost)  
  115  8:16  Tempest (Chrono Boost)  
  123  8:44  Tempest (Chrono Boost)  
  127  8:52  Tempest (Chrono Boost)  
  131  8:58  Tempest (Chrono Boost)  
  140  9:31  Tempest (Chrono Boost)  
  140  9:32  Tempest (Chrono Boost)  
  140  9:40  Protoss Air Weapons Level 2  
  140  9:44  Tempest (Chrono Boost)  
  144  10:07  Nexus  
  144  10:09  Oracle (Chrono Boost)  
  144  10:10  Pylon  
  144  10:12  Tempest (Chrono Boost)  
  144  10:13  Pylon  
  151  10:15  Pylon  
  151  10:29  Pylon  
  151  10:31  Pylon  
  151  10:32  Twilight Council  
  151  10:36  Pylon  
  151  10:40  Tempest (Chrono Boost)  
  152  11:13  Tempest x2 (Chrono Boost)  
  160  11:23  Tempest (Chrono Boost)  
  164  11:28  Photon Cannon  
  164  11:29  Photon Cannon  
  164  11:31  Photon Cannon  
  164  11:33  Photon Cannon  
  164  11:35  Photon Cannon  
  164  11:50  Tempest x2 (Chrono Boost)  
  167  12:00  Tempest (Chrono Boost)  
  158  12:27  Tempest x2 (Chrono Boost)  
  166  12:34  Mothership Core  
  166  12:36  Nexus  
  168  12:37  Tempest (Chrono Boost)  
  168  12:40  Pylon  
  168  12:43  Assimilator, Pylon  
  172  12:46  Pylon  
  172  12:49  Assimilator  
  172  12:55  Stargate  
  172  12:57  Stargate  
  172  12:59  Stargate  
  172  13:04  Tempest (Chrono Boost)  
  172  13:05  Photon Cannon, Tempest (Chrono Boost)  
  180  13:06  Photon Cannon  
  180  13:08  Photon Cannon  
  180  13:09  Photon Cannon  
  180  13:11  Photon Cannon  
  180  13:12  Protoss Air Weapons Level 3 (Chrono Boost)  
  180  13:13  Photon Cannon  
  180  13:16  Tempest (Chrono Boost)  
  180  13:17  Pylon  
  184  13:33  Templar Archives  
  184  13:44  Tempest x2 (Chrono Boost)  
  191  13:58  Tempest (Chrono Boost)  
  195  14:08  Photon Cannon  
  199  14:19  Tempest (Chrono Boost)  
  199  14:53  Psionic Storm  
  199  15:35  Pylon  
  199  15:40  Pylon  
  199  16:00  Photon Cannon  
  199  16:01  Photon Cannon  
  199  16:03  Photon Cannon  
  199  16:10  Nexus  
  199  16:12  Pylon  
  199  16:33  Photon Cannon  
  199  16:35  Photon Cannon  
  199  16:38  Pylon  
  199  16:41  Pylon  
  199  16:44  Pylon  
  199  16:46  Pylon  
  199  16:50  Pylon  
  199  16:55  Protoss Air Armor Level 1  
  199  17:02  Nexus  
  199  17:03  Pylon x2  
  199  17:04  Pylon  
  199  17:07  Pylon  
  199  17:08  Pylon  
  199  17:13  Pylon  
  199  17:19  Pylon x2  
  199  17:22  Pylon  
  199  17:30  Photon Cannon  
  199  17:31  Photon Cannon  
  199  17:33  Photon Cannon  
  199  17:36  Photon Cannon  
  199  17:37  Photon Cannon  
  199  17:40  Robotics Facility  
  199  17:43  Photon Cannon  
  199  17:46  Photon Cannon  
  199  17:47  Photon Cannon  
  199  17:50  Photon Cannon  
  199  17:51  Photon Cannon  
  199  18:12  Photon Cannon  
  199  18:14  Photon Cannon  
  199  18:16  Pylon  
  199  18:19  Pylon  
  199  18:22  Pylon  
  199  18:37  Nexus  
  199  18:52  Nexus  
  199  18:54  Pylon  
  199  18:55  Pylon  
  195  18:56  Tempest  
  199  19:38  Photon Cannon  
  199  19:40  Photon Cannon  
  199  19:41  Photon Cannon  
  199  19:43  Warp Gate  
  154  20:18  Gateway  
  154  20:20  Tempest x2  
  154  20:21  Gateway  
  150  20:23  Gateway  
  150  20:25  Gateway  
  150  20:26  Tempest x3  
  150  20:27  Tempest  
  174  20:30  Gateway  
  174  20:32  Gateway  
  174  20:35  Gateway  
  174  20:37  Gateway  
  174  20:45  Gateway  
  174  20:53  Cybernetics Core  
  174  21:33  Photon Cannon x2  
  174  21:35  Photon Cannon  
  174  21:36  Tempest x2  
  190  21:47  High Templar x2  
  190  21:48  High Templar x3  
  199  21:54  Photon Cannon  
  199  22:01  Photon Cannon  
  199  22:06  Photon Cannon  
  199  22:10  Photon Cannon  
  199  22:13  Pylon  
Show
View Real Time Build Order
Export as new Build Order

Zerayl Zerg 

Build Orders: Hatch First 

Get SALT Encoding   

  12  0:02  Drone  
  13  0:12  Overlord  
  13  0:19  Drone  
  14  0:27  Drone, Extractor  
  14  0:30  Drone  
  16  0:39  Drone  
  17  0:58  Hatchery  
  17  0:59  Drone  
  17  1:15  Spawning Pool  
  17  1:16  Drone  
  17  1:27  Drone  
  17  1:28  Extractor  
  17  1:37  Drone  
  18  1:42  Drone x2  
  20  1:57  Drone  
  21  2:06  Overlord  
  21  2:09  Queen  
  21  2:11  Extractor  
  21  2:15  Queen  
  23  2:21  Drone x3  
  28  2:24  Overlord  
  28  2:37  Metabolic Boost  
  28  2:41  Drone  
  28  2:42  Drone x2  
  31  3:00  Hatchery  
  30  3:11  Drone x4  
  30  3:12  Drone  
  35  3:19  Roach Warren  
  33  3:38  Drone x4  
  33  3:39  Drone x4  
  33  3:40  Drone  
  42  3:55  Lair  
  42  3:59  Extractor  
  42  4:00  Extractor  
  42  4:01  Spore Crawler  
  42  4:02  Spore Crawler  
  38  4:05  Spore Crawler  
  38  4:06  Spore Crawler  
  38  4:09  Drone x4  
  40  4:16  Extractor  
  39  4:18  Queen  
  41  4:24  Drone  
  41  4:26  Spore Crawler x2  
  40  4:38  Roach x4  
  48  4:49  Drone  
  48  4:50  Drone  
  50  5:08  Hydralisk Den  
  50  5:11  Drone x2, Evolution Chamber  
  50  5:12  Drone, Evolution Chamber  
  50  5:15  Overlord  
  50  5:24  Overlord x2  
  50  5:32  Queen  
  50  5:33  Drone x4  
  50  5:35  Drone  
  57  5:45  Zerg Missile Weapons Level 1  
  57  5:46  Zerg Ground Armor Level 1  
  57  5:47  Drone  
  58  5:54  Drone x2  
  58  5:55  Drone x2  
  62  6:00  Drone x2  
  62  6:01  Drone  
  62  6:03  Drone  
  66  6:17  Roach, Hydralisk x3  
  74  6:31  Overlord x3  
  74  6:39  Overlord x2  
  74  6:44  Muscular Augments  
  74  6:49  Overlord  
  74  6:50  Overlord x2  
  74  6:57  Hydralisk  
  74  6:58  Hydralisk x4  
  84  7:15  Hydralisk x3  
  84  7:16  Hydralisk x2  
  84  7:17  Roach x3  
  84  7:20  Drone x2  
  84  7:21  Drone  
  103  7:28  Glial Reconstitution  
  103  7:44  Hydralisk x5  
  103  7:45  Hydralisk x2  
  117  7:54  Zergling x6  
  117  7:55  Zergling x4  
  122  8:05  Overlord  
  122  8:06  Overlord x5  
  122  8:32  Hydralisk x5  
  122  8:33  Roach x3, Hydralisk x3  
  144  8:35  Roach  
  137  8:57  Hydralisk x7  
  137  8:58  Hydralisk x2  
  151  9:09  Overseer x3  
  151  9:13  Drone x2  
  151  9:14  Drone x5  
  151  9:16  Pneumatized Carapace  
  158  9:23  Infestation Pit  
  157  9:27  Roach  
  157  9:28  Roach x3  
  165  9:36  Drone  
  165  9:37  Drone x3, Extractor  
  165  9:38  Extractor  
  167  9:56  Drone x3  
  167  9:57  Overlord x2  
  167  9:58  Overlord x2  
  170  10:04  Hatchery  
  169  10:16  Ravager  
  169  10:17  Ravager x5  
  175  10:42  Roach x7  
  191  10:43  Roach  
  191  10:46  Hive  
  191  10:48  Zerg Missile Weapons Level 2  
  191  10:50  Zerg Ground Armor Level 2  
  191  10:57  Hatchery  
  175  11:22  Drone  
  175  11:23  Drone x13  
  97  12:25  Spire  
  83  12:35  Queen  
  85  12:38  Extractor  
  85  12:39  Extractor  
  83  12:59  Roach x7  
  83  13:00  Roach x4  
  105  13:15  Overseer  
  105  13:22  Overlord x2  
  105  13:47  Corruptor  
  105  13:48  Corruptor x8  
  109  13:49  Corruptor x7  
  109  13:50  Corruptor x2  
  109  13:51  Corruptor x3  
  109  13:52  Corruptor  
  149  14:03  Hydralisk x2  
  149  14:04  Hydralisk  
  149  14:05  Nydus Network  
  149  14:06  Zergling x14  
  149  14:07  Zergling x16  
  169  14:37  Roach, Hydralisk x4  
  169  14:38  Roach x6, Hydralisk x2  
  191  14:39  Roach  
  195  15:06  Overseer  
  195  15:16  Overlord x3  
  195  15:40  Corruptor x2  
  186  15:51  Nydus Canal  
  186  15:55  Corruptor  
  186  15:56  Corruptor x6  
  186  15:57  Corruptor x2  
  190  16:42  Overlord x2  
  190  16:43  Overlord  
  190  16:48  Viper  
  190  16:50  Overlord x2  
  190  16:51  Overlord x4  
  193  17:03  Viper  
  193  17:04  Viper  
  199  17:39  Overseer x3  
  173  18:55  Hatchery  
  173  18:58  Viper x5  
  187  19:06  Roach  
  79  20:25  Hydralisk x2  
  79  20:26  Hydralisk x8  
  55  21:11  Zergling x2  
  55  21:12  Zergling x28  
  34  21:58  Zergling x10  
Tags
 
Add a new tag
Caveats
  • Supply blocks, unpowered buildings, or Contaminate may cause inaccurate times.
  • Supply counts are checked every 10 seconds.